 Dungeon Crawl Stone Soup version 0.29-a0-1052-g6990b1bffc (webtiles) character file.

Game seed: 2299269261313952772

11 kae the Firebug (level 2, -2/15 HPs)
             Began as a Deep Elf Fire Elementalist on Aug 17, 2022.
             Slain by a quokka (5 damage)
             ... on level 1 of the Dungeon.
             The game lasted 00:00:27 (134 turns).

kae the Firebug (Deep Elf Fire Elementalist)         Turns: 134, Time: 00:00:28

Health: -2/15      AC:  2    Str:  5    XL:     2   Next: 13%
Magic:  0/8        EV: 12    Int: 19    God:
Gold:   23         SH:  0    Dex: 15    Spells: 6/7 levels left

rFire   . . .      SeeInvis .   d - +0 spear
rCold   . . .      Faith    .   (no shield)
rNeg    . . .      Spirit   .   a - +0 robe
rPois   .          Reflect  .   (no helmet)
rElec   .          Harm     .   (no cloak)
rCorr   .          Rampage  .   (no gloves)
Will    .....                   (no boots)
Stlth   ++........              (no amulet)
HPRegen 0.05/turn               (no ring)
MPRegen 0.11/turn               (no ring)

@: no status effects
A: no striking features
a: no special abilities


You were on level 1 of the Dungeon.
You visited 1 branch of the dungeon, and saw 1 of its levels.

You collected 23 gold pieces.


   Skills:
 - Level 2.4 Dodging
 - Level 2.4 Stealth
 + Level 3.2 Spellcasting
 * Level 1.7 Conjurations
 * Level 3.6 Fire Magic


You had 6 spell levels left.
You knew the following spells:

 Your Spells              Type           Power      Damage    Failure   Level
a - Foxfire               Conj/Fire      52%        2x1d6     4%          1

Your spell library contained the following spells:

 Spells                   Type           Power      Damage    Failure   Level
 Scorch                   Fire           32%        2d6       5%          2
 Conjure Flame            Conj/Fire      13%        6-21      14%         3
 Inner Flame              Hex/Fire       9%         N/A       22%         3
 Flame Wave               Conj/Fire      13%        2d6       43%         4

Inventory:

Hand Weapons
 d - a +0 spear (weapon)
   (You found it on level 1 of the Dungeon)
Armour
 a - a +0 robe (worn)
Scrolls
 c - a scroll of teleportation {unknown}
Potions
 b - a potion of magic

Dungeon Overview and Level Annotations

Branches:
Dungeon (1/15) Zot: 5864

Altars:

.. #.# ###. ... ..... #
.... #.)# .. #...
#.######.#.# ...
#..#####........... ....#
#.................
....######....##v##.#..?#
............!...@r.......
....###.........v#.#....
......#..........#.# ..#
..)............).# # ..
#..†#............# .
#...............S..
##..##...........###
.#..###.#.##......
.#..#...#.###....##


You could see a quokka (ally target) and a ball python.


Message History

You conjure some foxfire!
The foxfire hits the goblin.
You kill the goblin!
A hobgoblin comes into view.
A kobold comes into view. It is wielding a +0 club.
You see here a +0 spear.
d - a +0 spear
Casting: Foxfire (safe; 5% risk of failure)
Confirm with . or Enter, or press ? or * to list all spells.
You conjure some foxfire!
The kobold shouts!
The foxfire hits the kobold. x2
You kill the kobold! 😎 MP[-1]
You lost 1 mp, and now have 4/6 mp. 😎 MP[+1]
The hobgoblin shouts!
Casting: Foxfire (safe; 5% risk of failure)
Confirm with . or Enter, or press ? or * to list all spells.
You conjure some foxfire!
The foxfire hits the hobgoblin.
The foxfire hits the hobgoblin but does no damage. 😎 MP[-1]
You lost 1 mp, and now have 4/6 mp.
Casting: Foxfire (safe; 5% risk of failure)
Confirm with . or Enter, or press ? or * to list all spells.
You miscast Foxfire.
You are very lightly contaminated with residual magic.
Nothing appears to happen.
A jackal comes into view. 😎 MP[-1]
You lost 1 mp, and now have 3/6 mp.
Casting: Foxfire (safe; 5% risk of failure)
Confirm with . or Enter, or press ? or * to list all spells.
You conjure some foxfire!
A jackal comes into view.
The foxfire hits the hobgoblin.
The foxfire hits the hobgoblin.
A quokka comes into view. 😎 MP[-1]
You lost 1 mp, and now have 2/6 mp.
Casting: Foxfire (safe; 5% risk of failure)
Confirm with . or Enter, or press ? or * to list all spells.
You conjure some foxfire!
The hobgoblin closely misses you.
The foxfire hits the hobgoblin.
You kill the hobgoblin!
The foxfire hits the jackal but does no damage.
You have reached level 2! 😎 HP[+5] MP[-1]
You now have 15 max hp (+5).
Your hp is fully restored (15).
Unknown command.
d - a +0 spear (weapon)
The jackal closely misses you.
You hit the jackal but do no damage.
Casting: Foxfire (safe; 4% risk of failure)
Confirm with . or Enter, or press ? or * to list all spells.
You conjure some foxfire!
The jackal misses you. The jackal barely misses you. The jackal bites you.
The jackal bites you but does no damage.
Your magical contamination has completely faded away.
The foxfire hits the jackal. x2; The jackal bites you.
The jackal misses you. 😕 HP[-3]
You take 3 damage, and now have 12/15 hp.
Casting: Foxfire (safe; 4% risk of failure)
Confirm with . or Enter, or press ? or * to list all spells.
You conjure some foxfire!
The jackal bites you. The jackal misses you.
The foxfire hits the jackal. x2
You kill the jackal!
The jackal misses you.
The jackal barely misses you. 😮 HP[-1] MP[-1]
You take 1 damage, and now have 11/15 hp.
You lost 1 mp, and now have 0/8 mp.
You hit the jackal.
You kill the jackal!
The quokka barely misses you. x2
You closely miss the quokka. The quokka bites you.
* * * LOW HITPOINT WARNING * * *
😨 HP[-4]
You take 4 damage, and now have 7/15 hp.
MASSIVE DAMAGE!! (PAUSE)
You barely miss the quokka. The quokka closely misses you.
Unknown command.
You hit the quokka. The quokka bites you.
* * * LOW HITPOINT WARNING * * *
The quokka bites you.
* * * LOW HITPOINT WARNING * * *
😱 HP[-4]
You take 4 damage, and now have 3/15 hp.
MASSIVE DAMAGE!! (PAUSE)
You barely miss the quokka.
A ball python comes into view.
The quokka barely misses you. 😱 MP[+1]
You barely miss the quokka.
The ball python hisses angrily.
The quokka barely misses you.
Casting: Foxfire (safe; 4% risk of failure)
Confirm with . or Enter, or press ? or * to list all spells.
You conjure some foxfire!
The quokka bites you.
You die...

Action                   || total
-------------------------++-------
Melee: Spear             ||     7
 Cast: Foxfire           ||    15
Armor: Robe              ||     1
Dodge: Dodged            ||    13

Levels and vault maps discovered:
D:1:      minmay_arrival_loop, layout_rooms

Notes
Turn   | Place    | Note
-------+----------+-------------------------------------------
     0 | D:1      | kae the Deep Elf Fire Elementalist began the quest for the
                  | Orb.
     0 | D:1      | Reached XP level 1. HP: 10/10 MP: 6/6
     0 | D:1      | magus.rc [v1.11.3]
   122 | D:1      | Reached XP level 2. HP: 15/15 MP: 1/8
   131 | D:1      | HP: 3/15 [quokka (3)]
   134 | D:1      | Slain by a quokka

Vanquished Creatures
  An endoplasm (D:1)
  2 goblins (D:1)
  A hobgoblin (D:1)
  2 jackals (D:1)
  A kobold (D:1)
  2 rats (D:1)
9 creatures vanquished.

Vanquished Creatures (others)
  26 foxfires (D:1)
26 creatures vanquished.

Grand Total: 35 creatures vanquished

Table legend:
 A = Non-vault XP
 B = Vault XP
 C = Vault XP percentage of total XP
 D = Non-vault monster count
 E = Vault monster count
 F = Vault count percentage of total count
                 A         B        C        D         E       F
            +---------+---------+-------+---------+---------+-------
      Total |      16 |       0 |   0.0 |       9 |       0 |   0.0
            +---------+---------+-------+---------+---------+-------
        D:1 |      16 |       0 |   0.0 |       9 |       0 |   0.0
            +---------+---------+-------+---------+---------+-------

Illustrated notes

Table legend:
 A = Kills in this place as a percentage of kills in entire the game.
 B = Kills by you in this place as a percentage of kills by you in the entire game.
 C = Kills by friends in this place as a percentage of kills by friends in the entire game.
 D = Other kills in this place as a percentage of other kills in the entire game.
 E = Experience gained in this place as a percentage of experience gained in the entire game.
 F = Experience gained in this place divided by the number of levels of this place that you have seen.
                   A       B       C       D       E      F
               +-------+-------+-------+-------+-------+----------------------
         Total | 100.0 | 100.0 |   N/A |   N/A | 100.0 |  16.0
       Dungeon | 100.0 | 100.0 |   N/A |   N/A | 100.0 |  16.0
               +-------+-------+-------+-------+-------+----------------------

Table legend: (Time is in decaauts)
 A = Elapsed time spent in this place.
 B = Non-inter-level travel time spent in this place.
 C = Inter-level travel time spent in this place.
 D = Time resting spent in this place.
 E = Time spent auto-exploring this place.
 F = Levels seen in this place.
 G = Mean time per level.
                   A        B        C        D        E       F      G
               +--------+--------+--------+--------+--------+-----+--------+
         Total |    134 |    134 |      0 |      0 |     79 |   1 |  134.0 |
       Dungeon |    134 |    134 |      0 |      0 |     79 |   1 |  134.0 |
               +--------+--------+--------+--------+--------+-----+--------+

Top non-repeatable levels by time:
     D:1: 134 daAuts
